 Dungeon Sprint DCSS version 0.31-a0-18-gea43df2a32 (webtiles) character file.

Game seed: 6296074122972407459

1829 bmack86 the Cleaver (level 8, 0/129 HPs)
             Began as a Minotaur Berserker on May 10, 2023.
             Was an Elder of Trog.
             Slain by a demonic crawler (4 damage)
             ... in the Dungeon (Sprint I: "Red Sonja").
             The game lasted 00:02:59 (386 turns).

bmack86 the Cleaver (Minotaur Berserker)             Turns: 386, Time: 00:03:00

Health: 0/129      AC:  6    Str: 24    XL:     8   Next: 86%
Magic:  7/7        EV: 12    Int:  4    God:    Trog [****..]
Gold:   420        SH:  0    Dex: 10    Spells: 7/7 levels left

rFire   . . .        a - +0 hand axe
rCold   . . .        (no shield)
rNeg    . . .        j - +2 leather armour {rPois}
rPois   +            (helmet restricted)
rElec   .            (no cloak)
rCorr   .            (no gloves)
SInv    .            (no boots)
Will    .....        (no amulet) Stlth
                     (no ring)
HPRegen 0.41/turn    (no ring)
MPRegen 0.10/turn

%: no teleportation
@: berserking, very quick
A: horns 2, retaliatory headbutt
a: Renounce Religion, Berserk, Trog's Hand, Brothers in Arms


You were in the Dungeon.
You worshipped Trog.
Trog was greatly pleased with you.
You visited 1 branch You collected 420 gold pieces.

Inventory:

Hand Weapons
 a - a +0 hand axe (weapon)
 k - a +0 scythe of venom
Armour
 b - a +0 animal skin
 j - a +2 leather armour of poison resistance (worn)
Wands
 i - a wand of iceblast (9) (quivered)
Scrolls
 h - a scroll of blinking
 l - a scroll of fog {unknown}
 m - a scroll of magic mapping {unknown}
Potions
 c - a potion of curing
 d - a potion of heal wounds
 e - a potion of haste
 f - 2 potions of magic
 g - a potion of berserk rage


   Skills:
 + Level 13.3 Fighting
 + Level 13.3 Axes
 + Level 13.1 Armour
 - Level 2.1 Dodging
 + Level 6.2 Evocations


You had 7 spell levels left.
You didn't know any spells.
Your spell library was empty.

Dungeon Overview and Level Annotations

Branches:
Dungeon (1/1)

Altars:
Cheibriados
Dithmenos
Elyvilon
Fedhas
Gozag
Hepliaklqana
Kikubaaqudgha
Makhleb
Nemelex Xobeh
Okawaru
Qazlal
Ru
Sif Muna
Trog
Uskayaw
Vehumet
Wu Jian
Xom
Yredelemnul
Zin
The Shining One
Jiyva
Lugonu

Shops:
D =


Innate Abilities, Weirdness & Mutations

You have a pair of horns on your head.
You reflexively headbutt those who attack you in melee.


Message History

You hit the demonic crawler but do no damage.
You headbutt the demonic crawler!
The demonic crawler is almost dead.
You hit the demonic crawler. The demonic crawler barely misses you.
You furiously retaliate!
You headbutt the demonic crawler! The demonic crawler closely misses you.
The demonic crawler hits you.
* * * LOW HITPOINT WARNING * * *
The demonic crawler hits you!
* * * LOW HITPOINT WARNING * * *
The demonic crawler barely misses you.
The demonic crawler completely misses you.
You hit the demonic crawler.
You headbutt the demonic crawler, but do no damage.
The demonic crawler is almost dead.
You hit the demonic crawler but do no damage.
You slash the demonic crawler! You headbutt the demonic crawler!
You kill the demonic crawler!
Trog accepts your kill.
You can now call in reinforcements.
You hit the demonic crawler.
Your Fighting skill increases to level 13!
Unknown command.
You slash the demonic crawler!
You kill the demonic crawler!
Trog accepts your kill.
Your Axes skill increases to level 13!
Your Armour skill increases to level 13!
Your Evocations skill increases to level 6!
You barely miss the demonic crawler.
You are too berserk!
You slash the demonic crawler!
Your headbutt misses the demonic crawler.
The demonic crawler is moderately wounded.
You hit the demonic crawler.
The demonic crawler is moderately wounded.
You hit the demonic crawler but do no damage.
The demonic crawler is moderately wounded.
The demonic crawler hits you.
* * * LOW HITPOINT WARNING * * *
The demonic crawler hits you.
You die...

##################
.#..'..#__#..)...#
.'[.#..'..'..#).s##+#
'#####'#__####..@s..#
.#...#.#### #####..+
##..##.# ## _##'#_.+
..'..._# _##_.#'#
_###+#.# ## ###


You could see 2 demonic crawlers.

Vanquished Creatures
  2 demonic crawlers (D)
  2 kobold demonologists (D)
  A slime creature (D)
  Sigmund (D)
  A yak (D)
  A floating eye (D)
  An ogre (D)
  A jelly (D)
  Ijyb (D)
11 creatures vanquished.

Notes
Turn   | Place    | Note
-------+----------+-------------------------------------------
     0 | D        | bmack86 the Minotaur Berserker began the quest for the Orb.
     0 | D        | Reached XP level 1. HP: 19/19 MP: 0/0
     3 | D        | Noticed Ijyb
     7 | D        | Killed Ijyb
     8 | D        | Reached skill level 5 in Fighting
     8 | D        | Reached skill level 5 in Axes
     8 | D        | Reached XP level 2. HP: 29/29 MP: 1/1
    53 | D        | Noticed an ogre
    55 | D        | Killed an ogre
    56 | D        | Reached XP level 3. HP: 39/39 MP: 2/2
    56 | D        | Reached XP level 4. HP: 47/47 MP: 3/3
    97 | D        | Noticed Sigmund
   105 | D        | Killed Sigmund
   105 | D        | Reached ** piety under Trog
   106 | D        | Reached XP level 5. HP: 57/57 MP: 4/4
   106 | D        | Reached XP level 6. HP: 64/64 MP: 5/5
   142 | D        | Found a burning altar of Makhleb.
   142 | D        | Found a viscous altar of Jiyva.
   142 | D        | Found a shimmering altar of Xom.
   142 | D        | Found a corrupted altar of Lugonu.
   142 | D        | Noticed a slime creature
   148 | D        | Killed a slime creature
   149 | D        | Reached skill level 10 in Fighting
   149 | D        | Reached skill level 10 in Axes
   149 | D        | Reached skill level 10 in Armour
   171 | D        | Found an ornate altar of the Wu Jian Council.
   171 | D        | Found a shimmering blue altar of Sif Muna.
   173 | D        | Found a radiant altar of Vehumet.
   262 | D        | Found Jisoonao's Jewellery Emporium.
   262 | D        | Found an ancient bone altar of Kikubaaqudgha.
   262 | D        | Found a hazy altar of Hepliaklqana.
   262 | D        | Found a stormy altar of Qazlal.
   262 | D        | Found a hide-covered altar of Uskayaw.
   262 | D        | Found a blossoming altar of Fedhas.
   262 | D        | Found a bloodstained altar of Trog.
   262 | D        | Found an iron altar of Okawaru.
   262 | D        | Found a basalt altar of Yredelemnul.
   262 | D        | Found a glowing golden altar of the Shining One.
   262 | D        | Found a snail-covered altar of Cheibriados.
   262 | D        | Found a sacrificial altar of Ru.
   262 | D        | Found a glowing silver altar of Zin.
   262 | D        | Found a shadowy altar of Dithmenos.
   262 | D        | Found a white marble altar of Elyvilon.
   262 | D        | Noticed a yak
   267 | D        | Killed a yak
   268 | D        | Reached XP level 7. HP: 74/74 MP: 6/6
   268 | D        | Found an opulent altar of Gozag.
   269 | D        | Found a sparkling altar of Nemelex Xobeh.
   303 | D        | Noticed a kobold demonologist
   303 | D        | Noticed a kobold demonologist
   307 | D        | Killed a kobold demonologist
   307 | D        | Reached *** piety under Trog
   308 | D        | Noticed a hellwing
   316 | D        | Killed a kobold demonologist
   317 | D        | Reached skill level 5 in Evocations
   317 | D        | Reached XP level 8. HP: 67/85 MP: 7/7
   372 | D        | Noticed a demonic crawler
   372 | D        | Noticed a demonic crawler
   372 | D        | Noticed a demonic crawler
   372 | D        | Noticed a demonic crawler
   381 | D        | Killed a demonic crawler
   381 | D        | Reached **** piety under Trog
   382 | D        | Killed a demonic crawler
   386 | D        | HP: 4/129 [demonic crawler (6)]
   386 | D        | Slain by a demonic crawler

Illustrated notes

Levels and vault maps discovered:
D:        dungeon_sprint_1 [red_sonja_temple_1, red_sonja_temple_small_1]

Skill      XL: |  1  2  3  4  5  6  7  8 |
---------------+-------------------------+-----
Fighting       | 5 7 9 11 12 13 | 13.3
Axes           | 5 7 9 11 12 13 | 13.3
Armour         | 4 6 9 10 12 13 | 13.1
Evocations     | 2 5 6 |  6.2
Dodging        | |  2.1

Action                     |  1- 3 |  4- 6 |  7- 9 || total
---------------------------+-------+-------+-------++-------
  Melee: Hand axe          |     4 |    16 |    24 ||    44
         Headbutt          |     1 |     4 |     8 ||    13
 Invoke: Berserk           |     2 |     3 |     1 ||     6
  Evoke: Wand              |       |       |     1 ||     1
 Armour: Leather armour    |       |       |     3 ||     3
  Dodge: Dodged            |     2 |     5 |    23 ||    30

Table legend: (Time is in decaauts)
 A = Elapsed time spent in this place.
 B = Non-inter-level travel time spent in this place.
 C = Inter-level travel time spent in this place.
 D = Time resting spent in this place.
 E = Time spent auto-exploring this place.
 F = Levels seen in this place.
 G = Mean time per level.
                   A        B        C        D        E       F      G
               +--------+--------+--------+--------+--------+-----+--------+
         Total |    421 |    421 |      0 |    157 |     53 |   1 |  421.0 |
       Dungeon |    421 |    421 |      0 |    157 |     53 |   1 |  421.0 |
               +--------+--------+--------+--------+--------+-----+--------+

Top non-repeatable levels by time:
       D: 421 daAuts
